Map: Romanticide LE

Players

HeroMarine - Winner!

  • Race: Terran Terran

Vanya

  • Race: Zerg Zerg

Event: DreamHack SC2 Masters 2021 Winter

VOD

Have the link to the VOD?

Description

Time

  • Played on: Sept. 30, 2021, 12:32 p.m.
  • Length: 17:51

All games in this series

Show
View Real Time Build Order
Export as new Build Order

HeroMarine Terran - Winner!

Build Orders: Reaper Expand 

Get SALT Encoding   

  12  0:00  SCV  
  13  0:12  SCV  
  14  0:17  Supply Depot  
  14  0:24  SCV  
  15  0:39  SCV  
  15  0:40  Barracks  
  16  0:43  Refinery  
  16  0:51  SCV  
  17  1:03  SCV  
  18  1:15  SCV  
  19  1:27  Orbital Command, Reaper  
  20  1:39  Command Center  
  20  1:48  Supply Depot  
  20  1:52  SCV  
  21  1:58  Marine  
  22  2:04  SCV  
  22  2:08  Factory  
  23  2:16  SCV  
  23  2:20  Barracks Reactor  
  24  2:29  SCV  
  25  2:41  SCV, Command Center  
  26  2:52  Orbital Command  
  26  2:53  SCV  
  27  2:58  Starport  
  27  3:05  SCV  
  28  3:06  Hellion  
  28  3:11  Hellion  
  32  3:16  Refinery  
  32  3:17  SCV  
  32  3:18  SCV  
  34  3:26  Barracks Tech Lab  
  34  3:27  Hellion  
  34  3:29  SCV  
  34  3:30  SCV  
  34  3:32  Hellion  
  40  3:38  Viking  
  42  3:41  SCV  
  42  3:43  SCV  
  42  3:47  Marine  
  45  3:53  Orbital Command, SCV  
  45  3:55  SCV  
  47  3:59  Stimpack  
  47  4:08  Starport Reactor, Barracks  
  47  4:09  SCV, Barracks  
  48  4:11  SCV  
  48  4:14  Marine  
  48  4:16  Factory Tech Lab  
  50  4:19  SCV  
  50  4:21  SCV, Refinery  
  50  4:23  SCV  
  53  4:32  SCV, Marine, Supply Depot  
  53  4:33  SCV  
  53  4:35  SCV  
  53  4:37  Refinery  
  57  4:44  SCV  
  58  4:46  SCV  
  58  4:47  SCV  
  58  4:49  Engineering Bay  
  58  4:50  Engineering Bay, Marine  
  61  4:55  Starport Reactor  
  61  4:58  Orbital Command, SCV, Siege Tank  
  61  4:59  SCV  
  66  5:08  Supply Depot  
  66  5:09  Supply Depot  
  66  5:10  SCV, Marine x2  
  66  5:13  Supply Depot  
  69  5:21  Terran Infantry Armor Level 1, Terran Infantry Weapons Level 1  
  69  5:29  Marine x5  
  69  5:30  SCV x3  
  69  5:31  Siege Tank  
  80  5:39  Barracks x2  
  80  5:42  SCV x3  
  83  5:44  Medivac  
  83  5:45  Medivac  
  86  5:51  Combat Shield  
  86  5:54  SCV x3  
  86  5:55  Supply Depot  
  86  5:56  Marine  
  86  5:57  Marine x3, Supply Depot  
  90  6:04  Supply Depot  
  93  6:05  Supply Depot  
  93  6:17  Medivac x2, Marine x2, SCV x2  
  93  6:18  SCV, Marine  
  101  6:22  Marine x2  
  105  6:27  Supply Depot  
  105  6:28  Barracks Reactor x2  
  105  6:29  SCV x2, Supply Depot  
  105  6:30  SCV  
  108  6:32  Refinery  
  108  6:33  Armory  
  108  6:34  Marine x2, Factory Reactor  
  108  6:36  Marine  
  108  6:39  Supply Depot  
  111  6:40  Marine  
  111  6:41  SCV x2, Marine  
  111  6:42  SCV  
  116  6:52  Marine x2  
  116  6:54  Marine  
  118  6:57  Marine  
  118  6:59  Marine  
  121  7:04  SCV  
  121  7:05  SCV x2  
  121  7:06  Command Center  
  121  7:08  Marine x3, Supply Depot  
  124  7:10  Marine x2, Supply Depot  
  124  7:11  Marine x2  
  124  7:15  Marine  
  131  7:16  Factory  
  131  7:17  Marine  
  133  7:26  Marine x3  
  133  7:27  Terran Infantry Weapons Level 2, Terran Infantry Armor Level 2  
  133  7:29  Widow Mine  
  140  7:30  Widow Mine  
  134  7:37  Marine  
  134  7:38  Marine  
  134  7:39  Marine x2  
  134  7:42  Marine x2  
  134  7:43  Medivac x2  
  134  7:44  Marine x3  
  142  7:55  Marine x2  
  142  7:56  Marine x2  
  146  8:00  Marine x2  
  146  8:01  Marine  
  146  8:02  Marine x2  
  151  8:07  Drilling Claws, Widow Mine x3  
  154  8:13  Medivac x2, Marine x2  
  154  8:14  Marine x2  
  154  8:17  Marine  
  154  8:18  Marine  
  154  8:19  Marine x2  
  164  8:20  SCV x3, Marine  
  170  8:27  Terran Vehicle And Ship Armor Level 1  
  170  8:31  Marine x2  
  170  8:32  SCV, Siege Tank  
  170  8:34  Marine  
  180  8:43  Marine x3  
  180  8:44  Marine x3  
  177  8:48  Supply Depot x2  
  177  8:49  Medivac, Marine x2  
  177  8:50  Medivac, Barracks x2  
  177  8:51  Marine  
  180  9:01  Refinery, Planetary Fortress  
  180  9:07  Factory Tech Lab  
  180  9:09  Marine x6  
  180  9:10  SCV x2, Marine x3  
  180  9:11  SCV  
  155  9:27  Marine x6  
  155  9:28  Marine x3  
  155  9:30  Medivac x2, Siege Tank x2  
  165  9:42  Barracks Tech Lab  
  165  9:43  Barracks Tech Lab  
  165  9:44  Barracks  
  165  9:45  Marine x7  
  165  9:46  SCV x2  
  165  9:48  SCV x2  
  165  9:50  Factory, Marine x2  
  165  9:51  Ghost Academy  
  178  9:54  Terran Infantry Weapons Level 3  
  178  9:55  Command Center  
  172  10:03  Marine x3  
  172  10:05  Siege Tank  
  176  10:08  Marine x2  
  176  10:09  Marine x3  
  176  10:10  Terran Infantry Armor Level 3  
  178  10:20  Siege Tank  
  155  10:22  Medivac, Marine x2  
  155  10:23  Marine  
  155  10:24  Marine x3  
  155  10:25  Marine  
  155  10:27  Refinery x2  
  155  10:28  SCV x3  
  164  10:29  SCV, Marine x2  
  164  10:35  Barracks Reactor  
  168  10:38  Sensor Tower, Marine  
  168  10:39  Missile Turret x2  
  168  10:41  Marine x3  
  172  10:43  Marine x2  
  172  10:47  Medivac  
  176  10:50  Factory Tech Lab  
  176  10:52  Medivac  
  176  10:53  Siege Tank  
  181  10:58  Marine  
  181  10:59  Missile Turret, Marine, Supply Depot  
  181  11:00  Marine  
  181  11:01  Missile Turret, Marine  
  181  11:02  Marine x2  
  186  11:08  Supply Depot  
  186  11:10  Supply Depot  
  186  11:12  Missile Turret  
  185  11:21  Sensor Tower  
  185  11:30  Marine x4  
  185  11:31  Marine x6  
  185  11:32  Marine  
  192  11:34  Marine x2  
  186  11:44  Planetary Fortress  
  181  11:47  Marine x4  
  181  11:49  Liberator x2  
  181  11:50  Marine x2  
  190  11:58  Supply Depot x2  
  190  12:00  Ghost  
  190  12:03  Command Center  
  191  12:08  SCV x2  
  191  12:09  SCV  
  191  12:10  Refinery  
  193  12:16  Sensor Tower, Marauder  
  193  12:17  Missile Turret  
  193  12:19  Marine x2  
  193  12:20  Siege Tank  
  200  12:26  Sensor Tower  
  200  12:27  Siege Tank  
  196  12:37  Liberator x2  
  196  12:41  Ghost  
  196  12:44  Command Center, Refinery x2  
  199  13:00  Siege Tank  
  199  13:05  Missile Turret  
  199  13:07  Missile Turret  
  199  13:09  Command Center  
  199  13:11  Terran Vehicle And Ship Armor Level 2  
  199  13:13  Missile Turret  
  199  13:17  Orbital Command  
  199  13:18  Missile Turret  
  199  13:26  Personal Cloaking  
  199  13:29  Command Center  
  199  13:30  Barracks  
  199  13:32  Starport  
  199  13:33  Fusion Core  
  199  13:36  Armory  
  199  13:54  Ghost x3  
  199  13:55  Marine x2  
  191  13:56  Liberator x2  
  191  13:57  Marine x2  
  191  13:58  Marine  
  191  14:00  Marine  
  158  14:04  Siege Tank x2  
  158  14:07  Siege Tank  
  154  14:19  Marine x10  
  154  14:22  Ghost x2  
  154  14:23  Ghost  
  164  14:39  Liberator  
  175  14:54  Liberator  
  175  14:55  Siege Tank  
  175  14:56  Siege Tank  
  171  15:01  Siege Tank  
  167  15:15  Planetary Fortress  
  167  15:20  Ghost  
  169  15:22  Liberator  
  169  15:28  Siege Tank x2  
  173  15:30  Ghost  
  173  15:32  Ghost  
  176  15:47  Liberator  
  176  15:49  Ghost  
  180  15:50  Marine  
  180  15:51  Refinery  
  180  15:52  Marine  
  180  15:55  Marine x2  
  170  16:04  Marine x3, Liberator  
  170  16:07  Ghost  
  170  16:11  Ghost  
  172  16:12  Marine  
  175  16:20  Ghost  
  177  16:35  Ghost  
  177  16:39  Ghost  
  179  16:45  Siege Tank  
  179  16:46  Marine x2  
  186  16:48  Marine, Ghost  
  186  16:49  Marine  
  186  16:52  Marine x3  
  185  16:56  Marine  
  185  17:00  Marine x2  
  188  17:03  Marine  
  189  17:10  Marine  
  189  17:11  Medivac  
  189  17:13  Marine  
  184  17:17  Medivac  
  184  17:21  Marine x2  
  184  17:22  Marine x2  
  186  17:28  Marine x2  
  182  17:30  Marine  
  182  17:32  Marine x2  
Show
View Real Time Build Order
Export as new Build Order

Vanya Zerg 

Build Orders: Hatch First, Lurkers 

Get SALT Encoding   

  12  0:00  Drone  
  13  0:12  Overlord  
  13  0:17  Drone  
  14  0:30  Drone x2  
  16  0:48  Hatchery  
  15  0:50  Drone  
  15  0:54  Drone  
  17  0:57  Drone  
  18  1:07  Extractor  
  17  1:12  Spawning Pool  
  17  1:15  Drone  
  17  1:19  Drone  
  18  1:27  Drone  
  19  1:38  Drone  
  20  1:49  Drone  
  21  2:00  Zergling x4, Queen x2  
  27  2:13  Drone  
  28  2:19  Hatchery  
  28  2:22  Overlord  
  27  2:24  Drone  
  27  2:29  Metabolic Boost  
  28  2:40  Drone x3  
  31  2:45  Queen  
  31  2:50  Overlord  
  33  2:53  Drone  
  33  2:55  Drone  
  33  2:58  Drone  
  36  3:10  Drone x2  
  38  3:13  Drone x2  
  38  3:15  Overlord  
  38  3:17  Drone  
  41  3:20  Drone  
  41  3:21  Queen  
  44  3:30  Queen  
  44  3:32  Overlord  
  44  3:33  Drone  
  47  3:34  Drone  
  47  3:37  Drone  
  49  3:43  Zergling x6  
  49  3:44  Drone x2  
  54  3:49  Drone  
  55  3:55  Overlord  
  55  3:57  Drone x4  
  55  4:01  Queen  
  61  4:07  Drone x3  
  63  4:13  Drone x2  
  63  4:17  Overlord  
  65  4:18  Queen  
  65  4:20  Overlord  
  65  4:22  Drone x2  
  69  4:31  Evolution Chamber  
  69  4:32  Overlord  
  69  4:33  Evolution Chamber  
  69  4:37  Drone x6  
  73  4:44  Extractor  
  73  4:45  Extractor  
  71  4:47  Zergling x2  
  71  4:48  Zergling x8  
  71  4:50  Drone x3  
  79  4:55  Spore Crawler  
  79  4:56  Spore Crawler  
  79  4:57  Spore Crawler  
  79  4:59  Zerg Melee Weapons Level 1, Zerg Ground Armor Level 1  
  76  5:01  Drone x3  
  79  5:08  Baneling Nest  
  79  5:09  Drone  
  79  5:10  Drone x4  
  83  5:18  Lair  
  83  5:23  Overlord, Drone x2  
  83  5:25  Drone  
  83  5:28  Hatchery  
  85  5:34  Extractor x2, Drone x2  
  85  5:35  Zergling x8  
  89  5:42  Overlord  
  89  5:49  Overlord  
  89  5:51  Zergling x2  
  89  5:52  Zergling x14  
  89  5:56  Baneling x4  
  97  5:58  Overlord  
  97  6:01  Drone  
  97  6:02  Overlord  
  97  6:05  Drone x4  
  97  6:07  Drone  
  102  6:18  Drone x4  
  105  6:26  Zergling x16  
  105  6:29  Overseer  
  113  6:33  Drone x2  
  113  6:37  Drone  
  116  6:41  Centrifugal Hooks  
  116  6:45  Spore Crawler, Drone x3  
  118  6:48  Zergling x8  
  122  6:56  Zerg Ground Armor Level 2, Zerg Melee Weapons Level 2  
  122  6:58  Overlord  
  122  6:59  Drone x2  
  122  7:00  Drone  
  124  7:03  Extractor, Zergling x16  
  124  7:05  Baneling x10, Infestation Pit  
  124  7:06  Hydralisk Den  
  129  7:15  Overlord  
  129  7:16  Drone x3  
  129  7:17  Extractor  
  129  7:18  Extractor, Baneling x12  
  129  7:19  Zergling x12  
  136  7:27  Zergling x6  
  133  7:39  Zergling x12  
  133  7:43  Hydralisk x5  
  145  7:48  Lurker Den  
  145  7:51  Overlord, Extractor  
  141  7:57  Overlord  
  137  8:04  Zergling x2  
  137  8:05  Zergling x12  
  128  8:11  Grooved Spines  
  127  8:15  Hydralisk x8  
  143  8:20  Zergling x6  
  143  8:26  Baneling x7  
  144  8:28  Zergling x4  
  144  8:29  Zergling x8  
  146  8:35  Drone  
  146  8:38  Hive  
  147  8:44  Zergling x14  
  146  8:50  Lurker x2  
  146  8:51  Lurker  
  146  8:53  Zergling x16  
  146  8:55  Overlord  
  157  8:59  Overlord  
  157  9:00  Drone  
  157  9:02  Baneling x7  
  158  9:03  Zergling x2  
  158  9:07  Lurker x2  
  161  9:14  Zergling x6  
  161  9:15  Zergling x8  
  141  9:20  Hydralisk x6  
  141  9:23  Muscular Augments  
  141  9:28  Zergling x6  
  141  9:29  Zergling x8  
  141  9:35  Hydralisk x3  
  141  9:41  Drone  
  141  9:42  Drone x3  
  145  9:49  Drone x4  
  145  9:51  Seismic Spines, Drone x2  
  151  9:54  Lurker x3  
  151  9:55  Lurker  
  152  10:02  Hydralisk x2  
  154  10:08  Drone  
  154  10:09  Drone  
  151  10:18  Zergling x24  
  146  10:23  Lurker x3  
  146  10:28  Drone  
  150  10:33  Hydralisk x2  
  150  10:34  Hydralisk  
  156  10:42  Lurker  
  157  10:43  Zergling x12  
  157  10:48  Adaptive Talons, Overseer  
  157  10:54  Lurker x2  
  157  10:55  Zergling x8  
  163  11:00  Hatchery  
  163  11:02  Lurker x2  
  163  11:03  Zergling x2  
  163  11:04  Zergling x12  
  171  11:10  Zergling x2  
  171  11:11  Zergling x4  
  174  11:19  Zergling x18  
  164  11:27  Drone  
  164  11:28  Drone  
  164  11:31  Zergling x4  
  162  11:36  Hydralisk x7  
  168  11:44  Overlord  
  168  11:45  Overlord x3  
  166  11:53  Overlord x2  
  158  12:03  Zergling x18  
  158  12:04  Lurker  
  158  12:05  Lurker x3  
  158  12:07  Hatchery  
  170  12:09  Lurker x4  
  174  12:15  Lurker  
  174  12:16  Lurker x2  
  174  12:19  Drone x5  
  174  12:22  Overseer  
  177  12:28  Drone x4  
  176  12:34  Zergling x2  
  172  12:38  Zergling x6  
  172  12:43  Hydralisk x3  
  181  12:48  Zergling x2  
  181  12:49  Zergling x4  
  184  12:59  Zergling x16  
  192  13:08  Zergling x8  
  193  13:13  Hydralisk  
  193  13:17  Viper  
  198  13:21  Adrenal Glands  
  198  13:28  Drone  
  199  13:34  Zerg Melee Weapons Level 3  
  199  13:35  Zerg Missile Weapons Level 1  
  199  13:45  Overlord  
  180  13:56  Hydralisk  
  180  13:57  Zergling x2, Hydralisk x10  
  180  13:58  Zergling x6  
  180  14:01  Overseer x2  
  189  14:05  Zergling x16  
  197  14:13  Zergling x4  
  199  14:18  Spore Crawler, Spine Crawler  
  199  14:22  Zergling x4  
  199  14:27  Hatchery  
  199  14:31  Hydralisk x8  
  186  14:38  Zergling x14  
  196  14:44  Drone x2  
  196  14:45  Drone  
  196  14:53  Zergling x6  
  197  15:09  Hydralisk x3  
  200  15:26  Zergling x20  
  195  15:30  Hydralisk x7  
  188  15:38  Drone x5  
  188  15:40  Drone  
  185  15:48  Drone x5  
  188  15:54  Drone, Lurker Den  
  188  15:55  Drone x3  
  188  15:56  Drone x2  
  176  16:04  Zergling x2  
  176  16:05  Zergling x6  
  176  16:07  Pneumatized Carapace  
  171  16:13  Zergling x12  
  177  16:23  Baneling  
  177  16:24  Baneling x8  
  177  16:30  Zergling x24  
  189  16:35  Hydralisk x3  
  189  16:37  Zergling x2  
  193  16:47  Zergling x12  
  197  16:53  Zergling x14  
  169  16:56  Lurker x2  
  169  16:57  Lurker x6  
  162  17:06  Hydralisk x5  
  170  17:22  Drone x11  
  160  17:27  Zergling x12  
  160  17:29  Overlord x2  

Tags
 
Add a new tag
Caveats
  • Supply blocks, unpowered buildings, or Contaminate may cause inaccurate times.
  • Supply counts are checked every 10 seconds.